[Event "Titled Tuesday Blitz November 29 Late 2022"]
[White "Chirilov, James A"]
[Black "Tirelli, Mauro"]
[WhiteFideId "30976677"]
[BlackFideId "845353"]
[WhiteElo "1790"]
[BlackElo "2166"]
[Result "1-0"]
[Round "06"]
[TimeControl "180+1"]
[Date "2022.11.30"]
[WhiteClock "0:00:07"]
[BlackClock "0:00:02"]

1. e4 c5 2. Nf3 e6 3. d4 cxd4 4. Nxd4 Nc6 5. Nc3 Qc7 6. Be3 a6 7. g4 b5 8. Nxc6 Qxc6 9. Qd2 b4 10. Ne2 Qxe4 11. Rg1 Qc4 12. Ng3 Qc7 13. Nh5 Nf6 14. Bd4 e5 15. Bg2 Rb8 16. Nxf6+ gxf6 17. Be3 Bc5 18. O-O-O h5 19. g5 d6 20. gxf6 Bf5 21. Kb1 b3 22. axb3 Rxb3 23. Bxc5 Qxc5 24. Bd5 Rb4 25. Rg7 Rf8 26. Rg5 Rd4 27. Qc1 Bg6 28. Rxd4 Qxd4 29. Ba2 Kd7 30. Rg3 Rb8 31. Ka1 h4 32. Rh3 a5 33. Re3 a4 34. h3 Rc8 35. c3 Qc5 36. Re2 Bd3 37. Rd2 e4 38. Qd1 a3 39. Qa4+ Bb5 40. Qxa3 Qxa3 41. bxa3 Rxc3 42. Bxf7 Rxh3 43. Bd5 Rf3 44. f7 Ke7 45. Rc2 Bd7 46. Rc7 h3 47. Rc1 h2 48. Rh1 Rh3 49. Bxe4 Kxf7 50. Kb2 Be6 51. a4 Kf6 52. a5 Ke5 53. Bg2 Rh8 54. a6 Bd5 55. Bxd5 Kxd5 56. a7 1-0


[Site "https://www.chess.com"]

[Event "Titled Tuesday Blitz November 29 Late 2022"]
[White "Clawitter, Craig"]
[Black "Savic, Miroslav"]
[WhiteFideId "2023105"]
[BlackFideId "14508494"]
[WhiteElo "2260"]
[BlackElo "2209"]
[Result "1-0"]
[Round "06"]
[TimeControl "180+1"]
[Date "2022.11.30"]
[WhiteClock "0:00:17"]
[BlackClock "0:00:04"]

1. e4 c5 2. Nf3 d6 3. d4 cxd4 4. Nxd4 Nf6 5. Nc3 a6 6. Be3 e5 7. Nb3 Be6 8. f3 Be7 9. Qd2 O-O 10. O-O-O Qc7 11. g4 b5 12. Rg1 b4 13. Nd5 Bxd5 14. exd5 Rc8 15. g5 Nxd5 16. Bd3 Nxe3 17. Qxe3 a5 18. Qe4 g6 19. Qxa8 Nc6 20. Qa6 Bf8 21. Kb1 Bg7 22. Be4 d5 23. Rxd5 Ne7 24. Rc5 Qd7 25. Rxc8+ Nxc8 26. Qc6 Qd8 27. h4 h5 28. Qd5 Qb6 29. Rd1 Bf8 30. Qd8 Qa6 31. Bd3 Qc6 32. Be4 Qa6 33. Nc5 Qe2 34. Rc1 Nd6 35. Nd7 Nc4 36. Qxf8+ Kh7 37. Qxf7+ Kh8 38. Qf8+ Kh7 39. Nf6# 1-0


[Site "https://www.chess.com"]

[Event "Titled Tuesday Blitz November 29 Late 2022"]
[White "Coelho, Ramyres Santana"]
[Black "Fareh, Youness"]
[WhiteFideId "2120690"]
[BlackFideId "9000526"]
[WhiteElo "1888"]
[BlackElo "1844"]
[Result "1-0"]
[Round "06"]
[TimeControl "180+1"]
[Date "2022.11.30"]
[WhiteClock "0:00:55"]
[BlackClock "0:00:53"]

1. e4 c5 2. Nf3 Nc6 3. d4 cxd4 4. c3 dxc3 5. Nxc3 d6 6. Bc4 e6 7. O-O Be7 8. Qe2 Nf6 9. Rd1 O-O 10. e5 Ne8 11. exd6 Nxd6 12. Ne4 Qc7 13. Bf4 e5 14. Nxd6 Bxd6 15. Bg3 Bg4 16. Qe4 Bxf3 17. Qxf3 Nd4 18. Qd3 Rad8 19. Rac1 Qb6 20. Qe4 Qxb2 21. Rb1 Qc3 22. Bd3 g6 23. Rxb7 Rb8 24. Rd7 Rbd8 25. Rxa7 Qc5 26. Rb7 f5 27. Qh4 h5 28. Qg5 1-0


[Site "https://www.chess.com"]

[Event "Titled Tuesday Blitz November 29 Late 2022"]
[White "Corrales Jimenez, Fidel"]
[Black "Kobo, Ori"]
[WhiteFideId "3506690"]
[BlackFideId "2812320"]
[WhiteElo "2541"]
[BlackElo "2447"]
[Result "1-0"]
[Round "06"]
[TimeControl "180+1"]
[Date "2022.11.30"]
[WhiteClock "0:00:06"]
[BlackClock "0:00:01"]

1. e4 g6 2. d4 Bg7 3. Nc3 d6 4. f4 Nf6 5. Nf3 O-O 6. Bd3 Nc6 7. O-O e5 8. fxe5 dxe5 9. d5 Ne7 10. Bc4 Ne8 11. Bb3 Nd6 12. Bg5 f6 13. Bh4 g5 14. Bf2 Ng6 15. Nd2 f5 16. exf5 Bxf5 17. Be3 Nf4 18. g3 Nh3+ 19. Kh1 g4 20. Qe2 Qe8 21. Rxf5 Nxf5 22. Qxg4 Nxe3 23. Qxh3 Qg6 24. Nce4 Kh8 25. Re1 Ng4 26. Kg2 Rf5 27. Nf3 Rxf3 28. Kxf3 Qf5+ 29. Kg2 Rf8 30. Kh1 Bh6 31. c3 Qg6 32. Bc2 Ne3 33. Rxe3 Bxe3 34. Qe6 Qxe6 35. dxe6 Re8 36. Bb3 Kg7 37. Bc4 c6 38. a4 h6 39. b4 b6 40. Kg2 Bg5 41. b5 cxb5 42. axb5 Be7 43. Bd5 Rc8 44. c4 Rd8 45. h4 Kg6 46. Kh3 Kg7 47. Kg4 Kg6 48. h5+ Kg7 49. Kh3 Rf8 50. Kg2 Rd8 51. g4 Rf8 52. Ng3 Rf4 53. Kh3 Kf8 54. Ne4 Rf3+ 55. Kg2 Rf4 56. Kg3 Rf1 57. Nd2 Rd1 58. Nf3 Rd3 59. Kf2 Bf6 60. Ke2 Ra3 61. Nd2 Ke7 62. Ne4 Ra2+ 63. Kf1 Ra3 64. Kg2 Ra2+ 65. Kf3 Ra3+ 66. Kf2 Bh4+ 67. Ke2 Ra2+ 68. Kd3 Ra3+ 69. Kc2 Ra2+ 70. Kb3 Rh2 71. Kc3 Be1+ 72. Kd3 Bb4 73. Ke3 Ba3 74. Kf3 Bc1 75. Ng3 Rb2 76. Nf5+ Kf6 77. e7 Rb3+ 78. Kg2 Rb2+ 79. Kf1 Rb1 80. e8=Q Be3+ 81. Ke2 1-0


[Site "https://www.chess.com"]

[Event "Titled Tuesday Blitz November 29 Late 2022"]
[White "Curtis, John"]
[Black "Pruess, David"]
[WhiteFideId "3200256"]
[BlackFideId "2014254"]
[WhiteElo "2203"]
[BlackElo "2433"]
[Result "1-0"]
[Round "06"]
[TimeControl "180+1"]
[Date "2022.11.30"]
[WhiteClock "0:00:58"]
[BlackClock "0:00:07"]

1. e4 e5 2. Nf3 Nc6 3. Bb5 Nf6 4. d3 Bc5 5. c3 d5 6. Qe2 O-O 7. Bg5 a6 8. Ba4 b5 9. Bb3 d4 10. Bd5 Bd7 11. cxd4 Bxd4 12. Bxf6 Qxf6 13. Bxc6 Qxc6 14. Nxd4 Qc1+ 15. Qd1 Qxd1+ 16. Kxd1 exd4 17. Nd2 f5 18. Rc1 Rac8 19. Rc5 Be6 20. a3 fxe4 21. Nxe4 Rf5 22. f3 Kf8 23. Kd2 c6 24. Rxf5+ Bxf5 25. Nd6 1-0


[Site "https://www.chess.com"]

[Event "Titled Tuesday Blitz November 29 Late 2022"]
[White "Dardha, Daniel"]
[Black "Firouzja, Alireza"]
[WhiteFideId "240990"]
[BlackFideId "12573981"]
[WhiteElo "2528"]
[BlackElo "2903"]
[Result "1-0"]
[Round "06"]
[TimeControl "180+1"]
[Date "2022.11.30"]
[WhiteClock "0:00:07"]
[BlackClock "0:00:01"]

1. d4 Nf6 2. Bg5 c5 3. dxc5 Na6 4. Bxf6 gxf6 5. Nc3 Nxc5 6. e4 Qa5 7. Bd3 Rg8 8. Ne2 e6 9. O-O a6 10. a3 Nxd3 11. Qxd3 Qc7 12. Ng3 b6 13. Rfe1 Bb7 14. Nd5 exd5 15. exd5+ Kd8 16. Qxh7 Rxg3 17. hxg3 Qd6 18. Qxf7 Kc7 19. c4 Rd8 20. b4 Bh6 21. Re6 Qf8 22. Rxf6 Qxf7 23. Rxf7 b5 24. d6+ Kc8 25. c5 Bd5 26. Re7 Bg5 27. Re2 Bf6 28. Rae1 Bf7 29. Re4 Bc4 30. Rf4 Bb2 31. Rf3 Kb7 32. g4 Rg8 33. Rg3 a5 34. g5 a4 35. f4 Bb3 36. f5 Bxa3 37. f6 Bxb4 38. Re5 Kc6 39. Rxb3 Bxc5+ 40. Rxc5+ Kxc5 41. f7 Rf8 42. Rf3 1-0


[Site "https://www.chess.com"]

[Event "Titled Tuesday Blitz November 29 Late 2022"]
[White "Darini, Pouria"]
[Black "Shimanov, Aleksandr"]
[WhiteFideId "12502200"]
[BlackFideId "4198603"]
[WhiteElo "2483"]
[BlackElo "2605"]
[Result "0-1"]
[Round "06"]
[TimeControl "180+1"]
[Date "2022.11.30"]
[WhiteClock "0:00:08"]
[BlackClock "0:01:10"]

1. e4 e6 2. d4 d5 3. e5 c5 4. c3 Qa5 5. dxc5 Qc7 6. Nf3 Bxc5 7. Bd3 Nc6 8. Qe2 Nge7 9. O-O Ng6 10. Re1 O-O 11. Na3 f6 12. Nb5 Qf7 13. b4 Be7 14. exf6 Bxf6 15. Nd6 Qd7 16. Nxc8 Raxc8 17. Bd2 e5 18. Bxg6 hxg6 19. b5 Na5 20. Nxe5 Bxe5 21. Qxe5 Nc4 22. Qd4 Qxb5 23. Re7 Rf7 24. Rxf7 Kxf7 25. Re1 Re8 26. Rxe8 Kxe8 27. Qd3 Kf7 28. h3 Qc6 29. Bf4 Qe6 30. Kh2 a5 31. f3 Kg8 32. Qd4 Kh7 33. Bc7 Qd7 34. Bb8 a4 35. Bg3 b5 36. Bf4 Qf5 37. Bg3 g5 38. Bc7 Qc2 39. Qxd5 Qxg2+ 40. Kxg2 Ne3+ 41. Kf2 Nxd5 42. Be5 Kg6 43. Ke2 Nf4+ 44. Bxf4 gxf4 45. Kd3 Kh5 46. Kd4 Kh4 47. Kc5 Kg3 48. Kxb5 Kxf3 49. c4 Kg3 50. c5 f3 51. c6 f2 52. c7 f1=Q+ 53. Kxa4 Qxh3 0-1


[Site "https://www.chess.com"]

[Event "Titled Tuesday Blitz November 29 Late 2022"]
[White "Deac, Bogdan-Daniel"]
[Black "Donchenko, Alexander"]
[WhiteFideId "1226380"]
[BlackFideId "24603295"]
[WhiteElo "2648"]
[BlackElo "2572"]
[Result "1-0"]
[Round "06"]
[TimeControl "180+1"]
[Date "2022.11.30"]
[WhiteClock "0:00:02"]
[BlackClock "0:00:03"]

1. d4 Nf6 2. c4 e6 3. Nc3 Bb4 4. Qc2 c5 5. dxc5 O-O 6. a3 Bxc5 7. Nf3 b6 8. Bf4 Bb7 9. Rd1 Nc6 10. h3 a5 11. e3 Qe7 12. Bg5 h6 13. Bh4 Qd8 14. Bxf6 Qxf6 15. Rxd7 Ba6 16. Be2 Rfd8 17. Rxd8+ Rxd8 18. O-O Ne5 19. Nxe5 Qxe5 20. Rd1 Rc8 21. Qa4 Bf8 22. Rd4 Bc5 23. Rd7 Qf5 24. Qd1 Qf6 25. Ra7 Rd8 26. Qe1 Bc8 27. Ra8 Bb7 28. Rxd8+ Qxd8 29. Qd1 Qe7 30. Bf3 Ba6 31. Qd3 Qf6 32. Bc6 g6 33. Bf3 Kg7 34. Be4 1-0


[Site "https://www.chess.com"]

[Event "Titled Tuesday Blitz November 29 Late 2022"]
[White "Dias, Joao Batista"]
[Black "Mickiewicz, Piotr"]
[WhiteFideId "2108240"]
[BlackFideId "1114891"]
[WhiteElo "1898"]
[BlackElo "2246"]
[Result "0-1"]
[Round "06"]
[TimeControl "180+1"]
[Date "2022.11.30"]
[WhiteClock "0:01:58"]
[BlackClock "0:01:01"]

1. e4 c5 2. Nf3 d6 3. d4 cxd4 4. Nxd4 Nf6 5. Nc3 a6 6. Bd3 g6 7. O-O Bg7 8. Be3 b5 9. a3 Bb7 10. Rb1 Nbd7 11. f3 Rc8 12. Nde2 Ne5 13. Nf4 Nxd3 14. cxd3 e5 15. Nfe2 d5 16. Bg5 d4 17. Na2 h6 18. Bd2 O-O 19. Nb4 a5 20. Nc2 Nd7 21. Rc1 Nc5 22. Na1 Nxd3 23. Bxa5 Qxa5 24. Rxc8 Rxc8 25. Qxd3 b4 26. Nb3 Qb6 27. Rc1 bxa3 28. bxa3 Bf8 29. Rxc8 Bxc8 30. a4 Ba6 0-1


[Site "https://www.chess.com"]

[Event "Titled Tuesday Blitz November 29 Late 2022"]
[White "Djordjevic, Vuk"]
[Black "Manelyuk, Daniil"]
[WhiteFideId "902098"]
[BlackFideId "44173920"]
[WhiteElo "2456"]
[BlackElo "2209"]
[Result "0-1"]
[Round "06"]
[TimeControl "180+1"]
[Date "2022.11.30"]
[WhiteClock "0:00:10"]
[BlackClock "0:01:22"]

1. d4 Nf6 2. Bg5 Ne4 3. Bf4 d5 4. e3 g6 5. Bd3 Nd6 6. Be5 f6 7. Bf4 Bg7 8. h4 e5 9. dxe5 fxe5 10. Bg5 Qd7 11. h5 e4 12. Be2 Bxb2 13. Nd2 Qf5 14. Nh3 h6 15. Bf4 g5 16. Bxd6 cxd6 17. Rb1 Be5 18. c4 d4 19. exd4 Bxd4 20. O-O O-O 21. Nb3 Be5 22. Nd4 Qf6 23. Nb5 Bxh3 24. gxh3 Qf4 25. Qd5+ Kh8 26. Qxe5+ Qxe5 27. Nc7 Nc6 28. Nxa8 Nd4 29. Bg4 Rxa8 30. Rfd1 Rf8 31. Kg2 e3 32. f3 e2 33. Re1 Nc2 34. Kf2 Nxe1 35. Rxe1 Qh2+ 36. Ke3 Re8+ 37. Kd3 Qf2 0-1


[Site "https://www.chess.com"]

[Event "Titled Tuesday Blitz November 29 Late 2022"]
[White "Dylag, Emilia"]
[Black "Vlassov, Nikolai"]
[WhiteFideId "21805172"]
[BlackFideId "4103360"]
[WhiteElo "1878"]
[BlackElo "2324"]
[Result "1-0"]
[Round "06"]
[TimeControl "180+1"]
[Date "2022.11.30"]
[WhiteClock "0:00:12"]
[BlackClock "0:00:07"]

1. d4 Nf6 2. c4 Nc6 3. g3 e5 4. d5 Ne7 5. Bg2 Ng6 6. Nc3 Bc5 7. h3 a5 8. Nf3 d6 9. Bg5 h6 10. Bxf6 Qxf6 11. Ne4 Bb4+ 12. Kf1 Qf5 13. Qd3 a4 14. h4 Qh5 15. a3 Ba5 16. c5 f5 17. Nc3 O-O 18. Qc4 Bxc3 19. Qxc3 Bd7 20. Nd2 e4 21. cxd6 cxd6 22. Qb4 f4 23. Nxe4 fxg3 24. Qxd6 Bb5 25. Nxg3 Qg4 26. Bh3 Qf4 27. Qxf4 Nxf4 28. Rd1 Rae8 29. Rd2 Re5 30. d6 Rd8 31. Kg1 Nxe2+ 32. Nxe2 Rxe2 33. Rxe2 Bxe2 34. d7 Kf7 35. Kh2 Bf3 36. Re1 Bc6 37. Be6+ Kf6 38. Bg4 Bb5 39. Rd1 Ke7 40. Rd4 Bxd7 41. Bxd7 Rxd7 42. Rxa4 Rd2 43. Rb4 Rxf2+ 44. Kg3 Rc2 45. Rxb7+ Kf6 46. a4 Rd2 47. a5 Rd3+ 48. Kg2 Rd2+ 49. Kf3 Rd3+ 50. Ke4 Rh3 51. a6 Rxh4+ 52. Kd5 Ra4 53. a7 h5 54. b4 h4 55. b5 h3 56. Rb6+ Kf5 57. Ra6 Rh4 58. a8=Q h2 59. Qf8+ Kg4 60. Ra4+ Kg3 61. Rxh4 Kxh4 62. Qf3 g5 63. Ke4 g4 64. Qh1 g3 65. Kf3 Kh3 66. b6 Kh4 67. b7 1-0


[Site "https://www.chess.com"]

[Event "Titled Tuesday Blitz November 29 Late 2022"]
[White "Espinosa, Pedro"]
[Black "Rangel, Daniel"]
[WhiteFideId "30921066"]
[BlackFideId "2124475"]
[WhiteElo "2016"]
[BlackElo "2225"]
[Result "1/2-1/2"]
[Round "06"]
[TimeControl "180+1"]
[Date "2022.11.30"]
[WhiteClock "0:00:20"]
[BlackClock "0:00:37"]

1. d4 d5 2. c4 c6 3. cxd5 cxd5 4. Bf4 Nf6 5. Nc3 g6 6. e3 Bg7 7. Nf3 O-O 8. Be2 Nc6 9. O-O a6 10. h3 b5 11. Rc1 Bb7 12. a3 Na5 13. Ne5 Nc4 14. Nxc4 dxc4 15. Bf3 Qd7 16. d5 Rad8 17. e4 Qc8 18. Qe2 Rfe8 19. Rfd1 e5 20. Be3 Nd7 21. Bg4 h5 22. Bf3 Nc5 23. Bg5 Nd3 24. Bxd8 Nxc1 25. Rxc1 Qxd8 26. a4 Qb6 27. axb5 axb5 28. Ra1 Bf8 29. Qc2 Bc5 30. Rf1 Kg7 31. b3 Bd4 32. bxc4 bxc4 33. Rb1 Qa6 34. Nb5 Rc8 35. Be2 Ba8 36. Bxc4 Qb6 37. Qe2 Qc5 38. Bd3 Rb8 39. Nxd4 Rxb1+ 40. Bxb1 Qxd4 41. Bd3 Bb7 42. g3 h4 43. Kg2 hxg3 44. Kxg3 Qc3 45. Qe3 Qa1 46. Kg2 Bc8 47. Be2 Qb2 48. Bg4 Ba6 49. d6 Qa1 50. d7 Bf1+ 51. Kh2 Qa8 52. Qg3 Qb8 53. d8=Q Qxd8 54. Qxe5+ Kg8 55. Qd5 Qf8 56. e5 Ba6 57. e6 fxe6 58. Qxe6+ Kg7 59. Qxa6 Qxf2+ 60. Kh1 Qe1+ 61. Kg2 Qd2+ 62. Kf1 Qc1+ 63. Kf2 Qf4+ 64. Bf3 Qd2+ 65. Qe2 Qxe2+ 66. Kxe2 g5 67. Bg4 Kh8 68. Ke3 Kg8 69. Ke4 Kh8 70. Kf5 Kg8 71. Kf6 Kh8 72. Kg6 Kg8 73. Bf5 Kh8 74. Be4 Kg8 75. Bd3 Kh8 76. Be2 Kg8 77. Bg4 Kh8 78. Kf5 Kg8 79. Kf6 Kh8 80. Ke5 Kg8 81. Be6+ Kh8 82. Bd5 Kg7 83. Kf5 Kh8 84. Kg4 Kg7 85. Kh5 Kh8 86. Bc4 Kg7 87. Bd3 Kh8 88. Bf5 Kg8 89. Kh6 Kh8 90. Bg6 Kg8 91. Bh5 Kh8 92. Bg6 Kg8 93. Be4 Kh8 94. Bd5 g4 95. h4 g3 96. Bg2 Kg8 97. Kg6 Kh8 98. h5 Kg8 99. h6 Kh8 100. Bd5 g2 101. Bxg2 Kg8 102. Bf3 Kh8 103. Be2 Kg8 104. Bd1 Kh8 105. Bc2 Kg8 106. Bb3+ Kh8 107. Ba4 Kg8 108. Bb5 Kh8 109. Bc6 Kg8 110. Bd5+ Kh8 111. Be4 Kg8 112. Bf3 Kh8 113. Bg2 Kg8 114. Bf1 Kh8 115. Be2 Kg8 116. Bf3 1/2-1/2


[Site "https://www.chess.com"]

[Event "Titled Tuesday Blitz November 29 Late 2022"]
[White "Ezat, Mohamed"]
[Black "Quesada Perez, Yuniesky"]
[WhiteFideId "10600906"]
[BlackFideId "3504409"]
[WhiteElo "2386"]
[BlackElo "2599"]
[Result "0-1"]
[Round "06"]
[TimeControl "180+1"]
[Date "2022.11.30"]
[WhiteClock "0:00:02"]
[BlackClock "0:00:26"]

1. d4 d5 2. c4 c6 3. Nc3 Nf6 4. cxd5 cxd5 5. Bf4 Nc6 6. e3 a6 7. Bd3 Bg4 8. Nge2 e6 9. O-O Bxe2 10. Qxe2 Bd6 11. Bg5 h6 12. Bh4 O-O 13. Rac1 Rc8 14. Na4 e5 15. dxe5 Nxe5 16. Rxc8 Qxc8 17. Bxf6 gxf6 18. Nc3 Qe6 19. Rd1 Bb4 20. Nxd5 Bc5 21. Nf4 Qxa2 22. Be4 Qb3 23. Bd5 Qb6 24. Ba2 Rd8 25. Nd5 Qc6 26. Qh5 Kg7 27. Qh4 Ng6 28. Qe4 Re8 29. Qc2 Rd8 30. g3 a5 31. h4 Bb4 32. Qe4 Re8 33. Qf5 Re5 34. Qf3 Bc5 35. h5 Ne7 36. Qg4+ Rg5 37. Qe4 Nf5 38. Kg2 Qd6 39. Nc3 Nxg3 40. fxg3 Qxg3+ 41. Kf1 Qg1+ 42. Ke2 Qh2+ 43. Kd3 Qxb2 44. Qd5 Rxd5+ 45. Nxd5 Qxa2 46. Rg1+ Kf8 47. Nc3 Qe6 0-1


[Site "https://www.chess.com"]

[Event "Titled Tuesday Blitz November 29 Late 2022"]
[White "Ferreira, Vitor Hugo Vieira"]
[Black "Quinones Garcia, Santiago"]
[WhiteFideId "2119765"]
[BlackFideId "4408497"]
[WhiteElo "2168"]
[BlackElo "2249"]
[Result "1-0"]
[Round "06"]
[TimeControl "180+1"]
[Date "2022.11.30"]
[WhiteClock "0:01:27"]
[BlackClock "0:01:19"]

1. Nf3 d5 2. g3 c6 3. Bg2 Nf6 4. O-O Bg4 5. c4 Nbd7 6. cxd5 cxd5 7. d3 e6 8. Nc3 Be7 9. e4 dxe4 10. dxe4 O-O 11. h3 Bh5 12. Bf4 e5 13. Be3 Qa5 14. a3 Rfd8 15. b4 Qc7 16. Qb3 Rac8 17. Rac1 Qc4 18. Qxc4 Rxc4 19. Nd5 Rxc1 20. Nxe7+ Kf8 21. Rxc1 Kxe7 22. Rc7 b5 23. Bxa7 Nxe4 24. Nxe5 Nf6 25. Rb7 Kd6 26. Nc6 Rc8 27. Nd4 Rc1+ 28. Kh2 Ne5 29. Bb8+ 1-0


[Site "https://www.chess.com"]

[Event "Titled Tuesday Blitz November 29 Late 2022"]
[White "Ferriz Barrios, Andres"]
[Black "Bazzano, Sebastian"]
[WhiteFideId "5104467"]
[BlackFideId "104566"]
[WhiteElo "2216"]
[BlackElo "2179"]
[Result "0-1"]
[Round "06"]
[TimeControl "180+1"]
[Date "2022.11.30"]
[WhiteClock "0:01:10"]
[BlackClock "0:00:12"]

1. d4 Nf6 2. Nf3 g6 3. Nc3 d5 4. Bf4 c6 5. Ne5 Bg7 6. Qd2 O-O 7. O-O-O Nbd7 8. f3 Nxe5 9. Bxe5 Be6 10. h4 h5 11. e4 dxe4 12. fxe4 Ng4 13. Bxg7 Kxg7 14. d5 cxd5 15. exd5 Bf5 16. Bd3 Bxd3 17. Qxd3 Kg8 18. Rdf1 a6 19. Rf4 Qd6 20. g3 b5 21. Ne4 Qb6 22. Kb1 f5 23. Ng5 Nf2 24. Rxf2 Qxf2 25. Rf1 Qc5 26. a3 a5 27. g4 Qc4 28. gxh5 Qxd3 29. cxd3 gxh5 30. Ne6 Rf6 31. Rg1+ Kh8 32. Nf4 Rg8 33. Re1 Rf7 34. Re6 Rg4 35. Rh6+ Kg7 36. d6 Kxh6 37. d7 Rf8 38. Ne6 Rgg8 39. Nxf8 Rxf8 40. Kc2 Rd8 41. Kc3 Rxd7 42. b4 axb4+ 43. axb4 e5 44. Kd2 e4 45. Ke2 Rxd3 46. Kf2 Rb3 47. Ke2 f4 48. Kf2 Kg6 49. Ke2 Kf5 50. Kf2 Kg4 51. Ke2 Kxh4 52. Kf2 Kg4 53. Ke2 h4 54. Kf2 h3 55. Kg1 Kf3 56. Kh2 Kg4 57. Kg1 Kg3 58. Kf1 Re3 0-1


[Site "https://www.chess.com"]

[Event "Titled Tuesday Blitz November 29 Late 2022"]
[White "Figorito, Nick"]
[Black "Rubio Tent, Francisco"]
[WhiteFideId "30923689"]
[BlackFideId "2238233"]
[WhiteElo "2340"]
[BlackElo "2211"]
[Result "0-1"]
[Round "06"]
[TimeControl "180+1"]
[Date "2022.11.30"]
[WhiteClock "0:00:01"]
[BlackClock "0:00:01"]

1. Nf3 d5 2. g3 Nf6 3. Bg2 Bg4 4. O-O Nbd7 5. d4 c6 6. Nbd2 e6 7. b3 Be7 8. Bb2 O-O 9. a3 a5 10. Re1 Bh5 11. Nf1 Ne4 12. N1d2 Ndf6 13. Nxe4 Nxe4 14. Nd2 Nd6 15. Nf3 Bf6 16. Ne5 a4 17. Qd3 axb3 18. cxb3 Bg6 19. Nxg6 hxg6 20. a4 Qb6 21. Ba3 Rfd8 22. Bxd6 Rxd6 23. e3 Qb4 24. Rec1 Ra6 25. h4 Rb6 26. Rab1 Rd8 27. Qc3 Qxc3 28. Rxc3 Ra8 29. Rcc1 Be7 30. Bf1 Kf8 31. Bd3 Ba3 32. Rd1 Ke7 33. Kg2 Bd6 34. f4 Rb4 35. Kf3 b6 36. Rdc1 c5 37. dxc5 bxc5 38. Bb5 Kd8 39. Rh1 Kc7 40. Ke2 Kb6 41. Kd3 Ka5 42. Kc2 Re4 43. Kd3 Kb4 44. h5 gxh5 45. Rxh5 g6 46. Rh7 Rf8 47. g4 Ka3 48. a5 Kb4 49. a6 Kxb5 50. a7 Kb6 51. Rxf7 Ra8 52. Ra1 Bc7 53. Re7 Kc6 54. Ra6+ Kb5 55. Ra4 Bb6 0-1


[Site "https://www.chess.com"]

[Event "Titled Tuesday Blitz November 29 Late 2022"]
[White "Floresvillar Gonzalez, Luis Migu"]
[Black "Melian, Juan Sebastian"]
[WhiteFideId "5100542"]
[BlackFideId "3706575"]
[WhiteElo "2040"]
[BlackElo "2044"]
[Result "0-1"]
[Round "06"]
[TimeControl "180+1"]
[Date "2022.11.30"]
[WhiteClock "0:00:50"]
[BlackClock "0:01:09"]

1. d4 a6 2. c3 c5 3. dxc5 e6 4. b4 Nf6 5. Bb2 Qc7 6. Nf3 Nc6 7. e3 d6 8. cxd6 Bxd6 9. Be2 O-O 10. O-O e5 11. Nbd2 e4 12. Nd4 Bxh2+ 13. Kh1 Be5 14. b5 axb5 15. Nxb5 Qe7 16. Nb3 Ng4 17. g3 h5 18. Kg2 Rd8 19. N5d4 Qf6 20. Nd2 Bf5 21. Nxf5 Qxf5 22. Bxg4 hxg4 23. Qe2 Qf3+ 24. Nxf3 exf3+ 25. Qxf3 gxf3+ 26. Kxf3 Rd2 27. Rfb1 Bf6 28. a4 Ra5 29. Ba3 Rf5+ 30. Kg4 Rfxf2 31. Rf1 Ne5+ 0-1


[Site "https://www.chess.com"]

[Event "Titled Tuesday Blitz November 29 Late 2022"]
[White "Foerster-Yialamas, Lucas"]
[Black "Dzierzak, Radoslaw"]
[WhiteFideId "30901774"]
[BlackFideId "1161407"]
[WhiteElo "2067"]
[BlackElo "2111"]
[Result "1-0"]
[Round "06"]
[TimeControl "180+1"]
[Date "2022.11.30"]
[WhiteClock "0:01:44"]
[BlackClock "0:00:04"]

1. e4 c6 2. Nc3 d5 3. d4 dxe4 4. Nxe4 Bf5 5. Ng3 Bg6 6. h4 h6 7. Bd3 Bxd3 8. Qxd3 e6 9. Nf3 Nd7 10. Bf4 Qa5+ 11. c3 Ngf6 12. Ne5 c5 13. Nxd7 Nxd7 14. O-O Be7 15. h5 O-O 16. d5 exd5 17. Qxd5 Rfd8 18. Nf5 Bf6 19. Qf3 Ne5 20. Qg3 c4 21. Bxh6 Rd3 22. f3 Qc5+ 23. Kh1 Ng6 24. Qg4 Rd5 25. Be3 Qa5 26. hxg6 Rxf5 27. gxf7+ Kxf7 28. Qxc4+ Ke7 29. b4 Rh5+ 30. Kg1 Qe5 31. Bc5+ Kd7 32. Rad1+ 1-0


[Site "https://www.chess.com"]

[Event "Titled Tuesday Blitz November 29 Late 2022"]
[White "Freile Martin, Javier"]
[Black "Reprintsev, Alexander"]
[WhiteFideId "3600165"]
[BlackFideId "14100541"]
[WhiteElo "2332"]
[BlackElo "2230"]
[Result "0-1"]
[Round "06"]
[TimeControl "180+1"]
[Date "2022.11.30"]
[WhiteClock "0:02:19"]
[BlackClock "0:02:01"]

1. c4 e5 2. Nc3 Nc6 3. Nf3 Bb4 4. Qc2 a5 5. e3 d6 6. a3 Bxc3 7. Qxc3 Nge7 8. d4 Bg4 9. dxe5 Bxf3 10. exd6 Bh5 11. g4 Bxg4 12. Qxg7 Rg8 13. Qxh7 Qxd6 14. Bd2 O-O-O 15. f3 Qxd2# 0-1


[Site "https://www.chess.com"]

[Event "Titled Tuesday Blitz November 29 Late 2022"]
[White "Gasparyan, David"]
[Black "Mgeladze, Tamaz"]
[WhiteFideId "13311980"]
[BlackFideId "13601202"]
[WhiteElo "2367"]
[BlackElo "2288"]
[Result "0-1"]
[Round "06"]
[TimeControl "180+1"]
[Date "2022.11.30"]
[WhiteClock "0:00:03"]
[BlackClock "0:00:42"]

1. d4 Nf6 2. Nc3 d5 3. Bg5 g6 4. Nf3 Bg7 5. e3 O-O 6. Be2 c5 7. h4 h6 8. Bxf6 Bxf6 9. h5 g5 10. dxc5 Qa5 11. Qd2 Rd8 12. Nd4 Nc6 13. Nb3 Bxc3 14. bxc3 Qa4 15. Bd3 e5 16. Qe2 a6 17. f3 Be6 18. e4 d4 19. c4 a5 20. Kf2 Qa3 21. Rab1 a4 22. Nd2 Qxc5 23. Rxb7 Rab8 24. Rhb1 Rxb7 25. Rxb7 Rb8 26. Rxb8+ Nxb8 27. Qd1 Qb4 28. Ke2 Nd7 29. Qb1 Qa3 30. g4 Kg7 31. Nf1 Qc3 32. Qb5 a3 33. Qb3 Qb2 34. Nd2 Nc5 35. Qxb2 axb2 36. Nb1 Na4 37. c3 Nxc3+ 38. Nxc3 dxc3 39. c5 Bc4 40. Bxc4 b1=Q 41. c6 c2 42. Bd3 Qd1+ 43. Kf2 c1=Q 44. c7 Qcd2+ 45. Be2 Q2xe2+ 0-1


[Site "https://www.chess.com"]

[Event "Titled Tuesday Blitz November 29 Late 2022"]
[White "Gatterer, Florian"]
[Black "Pinheiro, Iung Alicio de O."]
[WhiteFideId "811688"]
[BlackFideId "2104350"]
[WhiteElo "2218"]
[BlackElo "2283"]
[Result "1-0"]
[Round "06"]
[TimeControl "180+1"]
[Date "2022.11.30"]
[WhiteClock "0:00:22"]
[BlackClock "0:00:11"]

1. e4 c5 2. Nf3 Nc6 3. Nc3 e5 4. Bc4 d6 5. d3 Be7 6. Nd2 Nf6 7. Nf1 O-O 8. Ne3 Be6 9. Ned5 Nd7 10. a3 Nb6 11. Nxb6 axb6 12. O-O Bg5 13. Bxe6 fxe6 14. Qg4 Bxc1 15. Qxe6+ Kh8 16. Raxc1 Nd4 17. Qg4 b5 18. Nd5 Rf7 19. c3 Nc6 20. f4 exf4 21. Rxf4 Ne5 22. Qe2 Rxf4 23. Nxf4 Qg5 24. Rf1 Rf8 25. g3 Kg8 26. Kg2 Rf6 27. Nh3 Qg6 28. Rxf6 Qxf6 29. Nf4 c4 30. d4 Nf7 31. Nd5 Qe6 32. h4 h6 33. Qf3 g5 34. Qf5 Nd8 35. hxg5 Qxf5 36. exf5 hxg5 37. g4 Kf7 38. Kf3 Nc6 39. Ke4 Na5 40. Nc7 Nb3 41. Nxb5 Ke7 42. Kd5 Nd2 43. Nxd6 Nf3 44. Nxc4 Nh2 45. Ne5 Kf6 46. b4 Nf1 47. a4 Ne3+ 48. Ke4 Nc2 49. a5 Na3 50. c4 Ke7 51. b5 Kd6 52. a6 bxa6 53. bxa6 Kc7 54. d5 Kb6 55. f6 Nxc4 56. Nxc4+ Kxa6 57. f7 Kb5 58. f8=Q Kxc4 59. Kf5 Kb5 60. Kxg5 Kc4 61. Kf6 Kxd5 62. Qe8 Kd4 63. Qe5+ Kd3 64. g5 Kc4 65. g6 Kd3 66. g7 Kc4 67. g8=Q+ Kd3 68. Qg4 1-0


[Site "https://www.chess.com"]